 Seeded DCSS version 0.30-a0-591-g3c58d2bc28 (webtiles) character file.

Game seed: 13662384745932578237 (custom seed)

391 purpskrrrp the Skirmisher (level 6, -8/35 HPs)
             Began as a Deep Elf Hunter on Jan 6, 2023.
             Mangled by an ogre
             ... wielding a +0 giant club
              (27 damage)
             ... on level 4 of the Dungeon.
             The game lasted 00:03:38 (2692 turns).

purpskrrrp the Skirmisher (Deep Elf Hunter)         Turns: 2692, Time: 00:03:38

Health: -8/35      AC:  5    Str:  8    XL:     6   Next: 50%
Magic:  8/8        EV: 12    Int: 20    God:
Gold:   135        SH:  0    Dex: 20    Spells: 5/5 levels left

rFire   . . .      SeeInvis .    a - +0 shortbow
rCold   . . .      Faith    .    (shield currently unavailable)
rNeg    . . .      Spirit   .    c - +0 leather armour
rPois   .          Reflect  .    i - +0 helmet
rElec   .          Harm     .    (no cloak)
rCorr   .          Rampage  .    (no gloves)
Will    +....                    m - +0 pair of boots
Stlth   ++                       (no amulet)
HPRegen 0.25/turn                v - +6 ring of intelligence
MPRegen 0.11/turn                p - ring of willpower

@: no status effects
A: no striking features
a: no special abilities


You were on level 4 of the Dungeon.
You visited 1 branch of the dungeon, and saw 4 of its levels.

You collected 135 gold pieces.

Inventory:

Hand Weapons
 a - a +0 shortbow (weapon)
Missiles
 d - a throwing net
Armour
 c - a +0 leather armour (worn)
 i - a +0 helmet (worn)
 m - a +0 pair of boots (worn)
Jewellery
 j - a ring of ice
 p - a ring of willpower (right hand)
 v - a +6 ring of intelligence (left hand)
Scrolls
 b - a scroll of immolation
 g - a scroll of teleportation
 n - a scroll of magic mapping
 s - a scroll of amnesia {unknown}
 t - a scroll of poison {unknown}
 x - a scroll of enchant armour {unknown}
Potions
 e - a potion of resistance {unknown}
 h - 2 potions of haste
 k - 2 potions of heal wounds
 l - a potion of mutation {unknown}
 o - 2 potions of attraction
 q - a potion of invisibility {unknown}
 r - a potion of curing {unknown}
 u - a potion of ambrosia {unknown}
 w - a potion of cancellation {unknown}


   Skills:
 - Level 1.6 Fighting
 + Level 10.2 Ranged Weapons
 - Level 2.5 Dodging
 - Level 1.4 Stealth


You had 5 spell levels left.
You didn't know any spells.
Your spell library contained the following spells:

 Spells                   Type           Power      Damage    Failure   Level
 Sandblast                Erth           0%         2d4       28%         1
 Summon Small Mammal      Summ           0%         N/A       28%         1
 Passwall                 Tmut/Erth      0%         N/A       38%         2
 Call Canine Familiar     Summ           0%         N/A       63%         3
 Stone Arrow              Conj/Erth      0%         3d7       63%         3
 Summon Guardian Golem    Hex/Summ       0%         N/A       63%         3


Dungeon Overview and Level Annotations

Branches:
Dungeon (4/15)
 Temple: D:4-7

Altars:
Fedhas

Shops:
D:1 :*


Message History

There is a stone staircase leading down here.
You climb downwards.
There is a stone staircase leading up here.
Found a stone staircase leading down.
There is a stone staircase leading down here.
A kobold comes into view.
It is wielding a +0 dagger and quivering poisoned darts.
The kobold shouts!
You hear a shout! x3
An orc comes into view. It is wielding a +0 whip.
The kobold throws a poisoned dart.
The poisoned dart barely misses you.
You hear a shout!
There are monsters nearby!
You shoot an arrow. The orc shouts!
The arrow hits the kobold.
The kobold is severely wounded.
The kobold throws a poisoned dart.
The poisoned dart misses you.
An ogre comes into view. It is wielding a +0 giant club.
You shoot an arrow. The arrow hits the kobold!
You kill the kobold!
You shoot an arrow. The arrow hits the orc!
You kill the orc!
You shoot an arrow. The arrow hits the ogre.
The ogre is lightly wounded.
An orc priest comes into view. It is wielding a +0 hand axe.
You shoot an arrow. The arrow barely misses the ogre.
The orc priest shouts!
You shoot an arrow. The arrow hits the ogre.
The ogre is lightly wounded.
An orc comes into view. It is wielding a +0 club.
You shoot an arrow. The arrow hits the ogre.
The ogre is moderately wounded.
An orc comes into view. It is wielding a +0 war axe.
You shoot an arrow. The arrow barely misses the ogre.
The ogre hits you with a +0 giant club!
You shoot an arrow. The arrow hits the ogre.
The ogre is moderately wounded.
An orc comes into view. It is wielding a +0 hand axe.
The ogre hits you with a +0 giant club!!
Ouch! That really hurt!
You die...

##########
o.oo.oO..#
#@.# #..#
#>.#
#..#####
#......#
#..###.#
##.# #.#
#.# #.#
#.# #.#


You could see an ogre, an orc priest and 3 orcs.

Vanquished Creatures
  Sigmund (D:2)
  A phantom (D:3)
  Ijyb (D:3)
  Jessica (D:3)
  2 adders
  3 worms
  5 dart slugs
  An orc (D:4)
  9 ball pythons
  7 endoplasms
  A giant cockroach (D:1)
  5 goblins
  4 hobgoblins
  9 jackals
  A quokka (D:1)
  8 bats
  2 frilled lizards (D:1)
  7 kobolds
  6 rats
74 creatures vanquished.

Notes
Turn   | Place    | Note
-------+----------+-------------------------------------------
     0 | D:1      | purpskrrrp the Deep Elf Hunter began the quest for the Orb.
     0 | D:1      | Reached XP level 1. HP: 12/12 MP: 3/3
   143 | D:1      | Reached XP level 2. HP: 17/17 MP: 4/4
   402 | D:1      | Reached skill level 6 in Ranged Weapons
   425 | D:1      | Found Muaginir's Assorted Antiques.
   526 | D:1      | Found Hunin's Book Boutique.
   930 | D:2      | Reached XP level 3. HP: 16/21 MP: 5/5
  1079 | D:2      | Noticed Sigmund
  1095 | D:2      | Killed Sigmund
  1096 | D:2      | Reached skill level 8 in Ranged Weapons
  1096 | D:2      | Reached XP level 4. HP: 10/26 MP: 6/6
  1096 | D:2      | Reached XP level 5. HP: 12/30 MP: 7/7
  1525 | D:2      | Reached skill level 9 in Ranged Weapons
  1719 | D:3      | Noticed Ijyb
  1731 | D:3      | Killed Ijyb
  1837 | D:3      | Noticed a phantom
  1837 | D:3      | Noticed Jessica
  1839 | D:3      | Killed Jessica
  1840 | D:3      | Reached XP level 6. HP: 35/35 MP: 8/8
  1847 | D:3      | Reached skill level 10 in Ranged Weapons
  2247 | D:3      | Found a blossoming altar of Fedhas.
  2692 | D:4      | Mangled by an ogre

Illustrated notes

Levels and vault maps discovered:
D:1:      dpeg_arrival_tiny_k, layout_loops_corners, serial_shops, shop,
          shop_fountains, serial_bayou_pond_c
D:2:      layout_loops_ring, grunt_ministairs_14, uniq_sigmund
D:3:      minmay_chambers_of_twos, layout_loops_ring, mainiacjoe_overflow_paths,
          uniq_ijyb, uniq_jessica
D:4:      layout_loops_ring, kennysheep_little_box, makhleb_altar_promises_db,
          uniq_blork_the_orc

Skill      XL: |  1  2  3  4  5  6 |
---------------+-------------------+-----
Ranged Weapons | 6 8 9 10 | 10.2
Fighting       | |  1.6
Dodging        | |  2.5
Stealth        | |  1.4

Action                   |  1- 3 |  4- 6 || total
-------------------------+-------+-------++-------
 Fire: Shortbow          |    62 |   139 ||   201
  Use: Scroll            |       |     5 ||     5
Armor: Leather armour    |     5 |    18 ||    23
Dodge: Dodged            |     9 |    39 ||    48

Table legend: (Time is in decaauts)
 A = Elapsed time spent in this place.
 B = Non-inter-level travel time spent in this place.
 C = Inter-level travel time spent in this place.
 D = Time resting spent in this place.
 E = Time spent auto-exploring this place.
 F = Levels seen in this place.
 G = Mean time per level.
                   A        B        C        D        E       F      G
               +--------+--------+--------+--------+--------+-----+--------+
         Total |   2718 |   2631 |     87 |     15 |   2238 |   4 |  679.5 |
       Dungeon |   2718 |   2631 |     87 |     15 |   2238 |   4 |  679.5 |
               +--------+--------+--------+--------+--------+-----+--------+

Top non-repeatable levels by time:
     D:1: 936 daAuts
     D:3: 927 daAuts
     D:2: 799 daAuts
     D:4: 55 daAuts
